 Dungeon Crawl Stone Soup version 0.19-a0-1170-g18f0c96 (webtiles) character file.

109303 magipi the Prestidigitator (level 17, 0/126 HPs)
             Began as a Halfling Berserker on Aug 16, 2016.
             Was a High Priest of Trog.
             Slain by an emperor scorpion (1 damage)
             ... on level 3 of the Spider Nest.
             The game lasted 02:24:35 (28306 turns).

magipi the Prestidigitator (Halfling Berserker)    Turns: 28306, Time: 02:24:36

Health: 0/126      AC: 26    Str: 17      XL:     17   Next: 6%
Magic:  0/28       EV: 14    Int:  2 (11) God:    Trog [*****.]
Gold:   814        SH:  0    Dex: 16      Spells: 0 memorised, 16 levels left

rFire  + + +     SeeInvis +     a - +10 long sword of the Unstoppable Eyes {elec, rPois rF++}
rCold  . . .     Gourm    .     D - +2 plate armour {rF+}
rNeg   . . .     Faith    .     (shield restricted)
rPois  +         Spirit   +     O - +1 helmet
rElec  .         Dismiss  .     Q - +1 cloak {+Inv}
rCorr  .         Reflect  .     q - +1 pair of gloves
MR     +++..     Harm     .     h - +1 pair of boots
Stlth  ..........               g - amulet of guardian spirit
                                i - ring of see invisible
                                p - ring of poison resistance

@: lethally poisoned (0 -> -2), regenerating
A: hooves 1, mutation resistance 1
a: Berserk, Trog's Hand, Brothers in Arms, Burn Spellbooks, Renounce Religion,
Evoke Invisibility


You were on level 3 of the Spider Nest.
You worshipped Trog.
Trog was extremely pleased with you.
You were not hungry.

You visited 5 branches of the dungeon, and saw 23 of its levels.
You visited the Abyss 1 time.
You also visited: Labyrinth and Volcano.

You collected 2386 gold pieces.
You spent 1572 gold pieces at shops.

Notes
Turn   | Place    | Note
-------+----------+-------------------------------------------
     0 | D:1      | magipi the Halfling Berserker began the quest for the Orb.
     0 | D:1      | Reached XP level 1. HP: 15/15 MP: 1/1
    98 | D:1      | Reached XP level 2. HP: 15/20 MP: 2/2
   753 | D:1      | Reached XP level 3. HP: 14/25 MP: 3/3
  1168 | D:1      | Reached ** piety under Trog
  1415 | D:2      | Found an ancient bone altar of Kikubaaqudgha.
  1561 | D:2      | Reached XP level 4. HP: 26/30 MP: 4/4
  1945 | D:3      | Found a white marble altar of Elyvilon.
  1952 | D:3      | Noticed Natasha
  1978 | D:3      | Killed Natasha
  1978 | D:3      | Reached skill level 5 in Long Blades
  2193 | D:3      | Noticed Natasha
  2195 | D:3      | Noticed a wyvern
  2208 | D:3      | Killed Natasha
  2208 | D:3      | Reached XP level 5. HP: 35/35 MP: 5/5
  2219 | D:3      | Killed a wyvern
  2219 | D:3      | Reached XP level 6. HP: 41/41 MP: 6/6
  2329 | D:3      | Found a runed door.
  2333 | D:3      | Noticed Crazy Yiuf
  2339 | D:3      | Killed Crazy Yiuf
  2771 | D:4      | Reached *** piety under Trog
  2802 | D:4      | Noticed an ogre
  2812 | D:4      | Killed an ogre
  2812 | D:4      | Reached XP level 7. HP: 37/45 MP: 7/7
  3739 | D:5      | Entered Level 5 of the Dungeon
  3739 | D:5      | Found Wygadisk's Armour Shoppe.
  3744 | D:5      | Bought a cursed +0 pair of boots for 19 gold pieces
  3832 | D:5      | Reached XP level 8. HP: 49/52 MP: 8/8
  3876 | D:5      | Found a shadowy altar of Dithmenos.
  3986 | D:5      | Noticed Edmund
  4005 | D:5      | Killed Edmund
  4394 | D:5      | Found a staircase to the Ecumenical Temple.
  4403 | Temple   | Entered the Ecumenical Temple
  5209 | D:6      | Reached **** piety under Trog
  5615 | D:6      | Reached XP level 9. HP: 54/59 MP: 9/9
  5673 | D:6      | Found an iron altar of Okawaru.
  5823 | D:7      | Reached skill level 5 in Armour
  6211 | D:7      | Reached skill level 5 in Fighting
  6788 | D:8      | Noticed a hill giant
  6797 | D:8      | Killed a hill giant
  6797 | D:8      | Reached skill level 5 in Dodging
  7097 | D:8      | Found a deep blue altar of Sif Muna.
  7183 | D:7      | Reached XP level 10. HP: 53/67 MP: 10/10
  7335 | D:8      | Reached skill level 10 in Long Blades
  7367 | D:8      | Received a gift from Trog
  8693 | D:9      | Noticed Erolcha
  8723 | D:9      | Killed Erolcha
  9125 | D:9      | Noticed a freezing wraith
  9171 | D:9      | Killed a freezing wraith
  9220 | D:9      | Found a blossoming altar of Fedhas.
  9368 | D:9      | Noticed an efreet
  9378 | D:9      | Killed an efreet
  9395 | D:9      | Reached XP level 11. HP: 74/74 MP: 11/11
  9756 | D:9      | Noticed a green ugly thing
 10105 | D:9      | Killed a green ugly thing
 10209 | D:9      | Found a staircase to the Lair.
 10339 | D:9      | Found Ymiodwak's Weapon Shop.
 10411 | D:9      | Reached skill level 1 in Evocations
 10586 | D:9      | Found an oddly glowing altar of Pakellas.
 10588 | D:9      | Noticed a cyan ugly thing
 10772 | D:10     | Entered Level 10 of the Dungeon
 10975 | D:10     | Got an encrusted long sword
 10976 | D:10     | Identified the +10 long sword of the Unstoppable Eyes {elec, rPois rF++} (You found it on level 10 of the Dungeon)
 11298 | D:11     | Noticed a hill giant
 11305 | D:11     | Killed a hill giant
 11387 | D:11     | Noticed a hill giant
 11578 | D:11     | Killed a hill giant
 11738 | D:11     | Noticed a manticore
 11750 | D:11     | Killed a manticore
 11777 | D:11     | Identified Cuuxa's Catalogue of Ghastly Battle Magic
 11856 | D:11     | Reached ***** piety under Trog
 11880 | D:11     | Reached XP level 12. HP: 50/83 MP: 11/14
 12221 | D:11     | Found a staircase to the Orcish Mines.
 12320 | Orc:1    | Entered Level 1 of the Orcish Mines
 12320 | Orc:1    | Noticed Fannar
 12333 | Orc:1    | Killed Fannar
 12348 | Orc:1    | Found Reahuer's General Store.
 12442 | Orc:2    | Entered Level 2 of the Orcish Mines
 12586 | Orc:2    | Found a staircase to the Elven Halls.
 12742 | Orc:2    | Reached skill level 10 in Armour
 12977 | Orc:2    | Found Racwerho's Jewellery Shop.
 13101 | Orc:2    | Bought an uncursed ring of poison resistance for 280 gold pieces
 13226 | Orc:1    | Reached skill level 5 in Evocations
 13351 | Orc:1    | Received a gift from Trog
 13490 | Orc:2    | Reached skill level 10 in Dodging
 13699 | Orc:2    | Noticed an orc high priest
 13701 | Orc:2    | Noticed a sun demon
 13719 | Orc:2    | Killed an orc high priest
 13759 | Orc:2    | Noticed an orc high priest
 13771 | Orc:2    | Killed an orc high priest
 13887 | Orc:2    | Noticed an orc high priest
 13912 | Orc:2    | Killed an orc high priest
 13962 | Orc:2    | Noticed an orc high priest
 13981 | Orc:2    | Killed an orc high priest
 13984 | Orc:2    | Noticed an orc high priest
 14014 | Orc:2    | Noticed a sixfirhy
 14017 | Orc:2    | Killed an orc high priest
 14203 | Orc:2    | Found Naomp's Antique Weapon Emporium.
 14203 | Orc:2    | Found Odaebri's General Store.
 14228 | Orc:2    | Found a roughly hewn altar of Beogh.
 14238 | Orc:2    | Noticed an orc high priest
 14258 | Orc:2    | Reached XP level 13. HP: 79/89 MP: 16/18
 14339 | Orc:2    | Found Kahonixe's Weapon Boutique.
 14435 | Orc:2    | Reached ****** piety under Trog
 14436 | Orc:2    | Found Hutuh's Magic Scroll Emporium.
 14562 | Orc:2    | Bought a scroll of fear for 49 gold pieces
 14562 | Orc:2    | Bought a scroll of identify for 28 gold pieces
 14562 | Orc:2    | Bought a scroll of identify for 28 gold pieces
 14562 | Orc:2    | Bought a scroll of summoning for 133 gold pieces
 14603 | Orc:2    | Bought a wand of digging (13/24) for 374 gold pieces
 14603 | Orc:2    | Bought an uncursed ring of resist corrosion for 220 gold pieces
 14655 | Orc:2    | Bought the ring of Finality {rC+ MP+9 Stlth+} for 441 gold pieces
 14769 | Lair:1   | Entered Level 1 of the Lair of Beasts
 14883 | Lair:1   | Found a labyrinth entrance.
 14892 | Lab      | Entered a labyrinth
 15823 | Lab      | Noticed a minotaur
 15836 | Lab      | Killed a minotaur
 15896 | Lab      | Got a fine amber ring
 15932 | Lab      | Identified the ring "Vadderin" {rC+ rN+ Int+3 Stlth-} (You found it in a labyrinth)
 16320 | Lair:1   | Identified a -1 rod of ignition (12/12) (You found it in a labyrinth)
 16434 | Lair:1   | Received a gift from Trog
 17474 | Lair:3   | Reached skill level 10 in Evocations
 17816 | Lair:3   | Found a hole to the Spider Nest.
 18057 | Lair:3   | Reached XP level 14. HP: 92/96 MP: 15/21
 19219 | Lair:4   | Received a gift from Trog
 19659 | Lair:4   | Found a staircase to the Shoals.
 19776 | Lair:5   | Found a staircase to the Slime Pits.
 19807 | Lair:5   | Found a shimmering altar of Xom.
 19984 | Lair:5   | Found a dark tunnel.
 19996 | Volcano  | Entered a volcano
 20856 | Lair:5   | Received a gift from Trog
 20996 | Lair:6   | Entered Level 6 of the Lair of Beasts
 21540 | Lair:6   | Noticed Kirke
 21555 | Lair:6   | Reached XP level 15. HP: 101/101 MP: 24/24
 21577 | Lair:6   | Killed Kirke
 22064 | Lair:6   | Reached skill level 10 in Fighting
 22531 | Lair:6   | Received a gift from Trog
 22888 | Spider:1 | Entered Level 1 of the Spider Nest
 22898 | Spider:1 | Received a gift from Trog
 23127 | Spider:1 | Gained mutation: You have large cloven feet. [potion of beneficial mutation]
 23532 | Spider:1 | Reached XP level 16. HP: 69/112 MP: 25/26
 24696 | Spider:2 | Noticed Arachne
 24700 | Spider:1 | Received a gift from Trog
 25458 | Spider:2 | Noticed Roxanne
 25955 | Spider:2 | Killed Arachne
 26646 | Spider:2 | Noticed Aizul
 26658 | Spider:2 | Killed Aizul
 27580 | Spider:3 | Received a gift from Trog
 27845 | Spider:3 | Noticed Louise
 27848 | Spider:3 | Cast into level 2 of the Abyss (Louise)
 27904 | Abyss:3  | Noticed a tentacled starspawn
 27915 | Abyss:3  | Killed a tentacled starspawn
 28081 | Abyss:3  | Found a corrupted altar of Lugonu.
 28101 | Abyss:3  | Noticed an Executioner
 28105 | Abyss:3  | Noticed a tentacled starspawn
 28125 | Abyss:3  | Found a corrupted altar of Lugonu.
 28219 | Abyss:3  | Reached XP level 17. HP: 88/126 MP: 28/28
 28245 | Abyss:3  | Found a corrupted altar of Lugonu.
 28288 | Spider:3 | Escaped the Abyss
 28306 | Spider:3 | HP: 1/126 [emperor scorpion (18)]
 28306 | Spider:3 | Slain by an emperor scorpion

Inventory:

Hand Weapons
 a - the +10 long sword of the Unstoppable Eyes (weapon) {elec, rPois rF++}
   (You found it on level 10 of the Dungeon)

   Occasionally, upon striking a foe, it will discharge some electrical energy
   and cause terrible harm.
   It greatly protects you from fire.
   It protects you from poison.
 b - a +3 double sword of flaming
 m - a +4 antimagic demon blade
Armour
 h - a +1 pair of boots (worn)
 q - a +1 pair of gloves (worn)
 D - a +2 plate armour of fire resistance (worn)
 O - a +1 helmet (worn)
 Q - a +1 cloak of invisibility (worn)
Jewellery
 c - the ring of Finality {rC+ MP+9 Stlth+}
   (You bought it in a shop on level 2 of the Orcish Mines)

   [ring of stealth]

   It protects you from cold.
   It affects your magic capacity (+9).
   It makes you more stealthy.
 f - an uncursed ring of protection from fire
 g - an amulet of guardian spirit (around neck)
 i - a ring of see invisible (right hand)
 n - the ring "Vadderin" {rC+ rN+ Int+3 Stlth-}
   (You found it in a labyrinth)

   [ring of loudness]

   It affects your intelligence (+3).
   It protects you from cold.
   It protects you from negative energy.
   It makes you less stealthy.
 p - a ring of poison resistance (left hand)
 x - an uncursed ring of resist corrosion
Wands
 k - a wand of paralysis (5/24)
 w - a wand of polymorph (11/24)
 J - a wand of iceblast (2/15)
 L - a wand of lightning (0/15)
 M - a wand of teleportation (8/9)
 R - a wand of paralysis (14/24)
 U - a wand of hasting (5/9)
 W - a wand of digging (0/24)
 Z - a wand of heal wounds (4/9)
Scrolls
 j - 4 scrolls of recharging
 l - a scroll of fog
 u - 3 scrolls of fear
 v - a scroll of immolation
 y - 3 scrolls of teleportation
 B - a scroll of identify
 I - a scroll of vulnerability
 N - 2 scrolls of remove curse
 S - a scroll of summoning
Potions
 e - a potion of resistance
 o - 2 potions of agility
 r - 2 potions of might
 t - a potion of invisibility
 z - 2 potions of haste
 A - 5 potions of heal wounds
 C - 6 potions of lignification
 E - 11 potions of curing
 G - 2 potions of flight
 X - a potion of cancellation
Books
 F - a book of Cantrips

   Spells                             Type                      Level
   a - Confusing Touch                Hexes                        1
   b - Animate Skeleton               Necromancy                   1
   c - Summon Small Mammal            Summoning                    1
   d - Apportation                    Translocation                1
   Trog disapproves of the use of such an item.
Miscellaneous
 s - a phial of floods
 H - a fan of gales
 Y - a lamp of fire
Comestibles
 d - 3 meat rations
 P - 2 bread rations


   Skills:
 + Level 14.5 Fighting
 - Level 14.0 Long Blades
 - Level 10.1 Armour
 - Level 11.5 Dodging
 - Level 14.7 Evocations


You had 16 spell levels left.
You didn't know any spells.

Dungeon Overview and Level Annotations

Branches:
Dungeon (11/15)            Temple (1/1) D:5            Lair (6/6) D:9
 Shoals (0/4) Lair:4       Spider (3/4) Lair:3        Slime (0/5) Lair:5
    Orc (2/2) D:11            Elf (0/3) Orc:2

Altars:
Ashenzari
Cheibriados
Dithmenos
Elyvilon
Fedhas
Gozag
Hepliaklqana
Kikubaaqudgha
Makhleb
Nemelex Xobeh
Okawaru
Pakellas
Qazlal
Ru
Sif Muna
Uskayaw
Vehumet
Xom
Yredelemnul
Zin
The Shining One
Beogh

Shops:
D:5 [   D:9 (   Orc:1 *   Orc:2 *((?=

Annotations:
Spider:2 exclusion: Roxanne, Roxanne
Spider:3 Louise


Innate Abilities, Weirdness & Mutations

You are small and have problems with some larger weapons.
You are somewhat resistant to further mutation.
You have large cloven feet.

Vault maps used:
D:1:      minmay_arrival_radiant_lines, st_stairs_14, minmay_nonomino_d4
D:2:      kiku_gazebo_pond_becter, minmay_split_cup_small
D:3:      minmay_door_path, elyvilon_altar_4, minmay_box_of_dots, uniq_natasha,
          uniq_crazy_yiuf_cottage
D:4:      serial_park_tiny_pond
D:5:      kennysheep_slugbush, first_bread, serial_shops,
          nicolae_shop_statue_plus, grunt_dithmenos_smoke, uniq_edmund
D:6:      okawaru_trees_2
D:8:      lemuel_blue_sif_altar, hangedman_misty_isle
D:9:      hangedman_cross_cluster, lemuel_crystal_altar,
          gammafunk_pakellas_cloud_experiment, lair_0_dummy, serial_shops,
          nicolae_shop_behind_doors, uniq_erolcha
D:10:     hangedman_pestilent_swarm
D:11:     david_orc_3, minmay_radiant
Temple:   eino_temple_scatter_basement
Lair:1:   lab_entry_generic, grunt_megastairs_4, serial_bayou_shore_a,
          bh_autumn_forest_stairs
Lair:2:   st_stairs_7, infiniplex_staircase_pool, grunt_megastairs_5
Lair:3:   nicolae_spider_entry_tight_spaces, serial_bayou_crossing,
          lemuel_fruit_fields, grunt_megastairs_1
Lair:4:   elwin_shoals_entry_rooms
Lair:5:   minmay_slime_entry_jelly_boxes, basic_altar,
          nicolae_volcano_entry_batcave
Lair:6:   gammafunk_lair_ancient_temple, lemuel_old_faithful, uniq_kirke
Spider:2: uniq_aizul, uniq_roxanne, uniq_arachne
Spider:3: uniq_azrael, uniq_louise, uniq_nikola
Orc:1:    serial_shops, nicolae_shop_crystal, uniq_fannar
Orc:2:    st_orc_town, serial_shops, shop
Abyss:3:  nicolae_abyss_rune_left_handed, minivault_26
Lab:      nicolae_lab_swirl, labyrinth_skeletal_remains, labyrinth_fake_exit
Volcano:  pf_volcano_lost_world


Message History

The ghost moth hits you but does no damage. x2
The ghost moth barely misses you.
You hit the ghost moth.
The ghost moth is lightly wounded.
Your ogre hits Louise with a giant club!!
A spark wasp comes into view.
You slice the ghost moth!!
There is a sudden explosion of sparks!
The ghost moth is heavily wounded.
The ghost moth misses you.
The ghost moth hits you but does no damage.
The ghost moth stings you but does no damage.
Louise hits your ogre with a halberd!
Your ogre closely misses Louise.
Unknown command.
You slash the ghost moth!
The ghost moth is heavily wounded.
The ghost moth misses you. The ghost moth hits you!
You feel dopey. The ghost moth misses you.
Louise hits your ogre with a halberd!
Your ogre dies!
Your ogre's corpse disappears in a puff of smoke!
You barely miss the ghost moth.
The ghost moth is heavily wounded.
The ghost moth hits you.
The ghost moth hits you but does no damage.
The ghost moth closely misses you.
Unknown command.
Louise shouts!
You slash the ghost moth!
The ghost moth is severely wounded.
The ghost moth stares at you.
You feel your power leaking away.
The ghost moth hits you but does no damage. x2
The ghost moth stings you but does no damage.
You fail to use your ability.
The ghost moth hits you but does no damage.
The ghost moth closely misses you. The ghost moth barely misses you.
The spark wasp stings you! The spark wasp shocks you!
Unknown command.
Unknown command.
You hit the ghost moth.
The ghost moth is severely wounded.
The ghost moth closely misses you.
You riposte.
You closely miss the ghost moth.
The ghost moth is severely wounded.
The ghost moth completely misses you.
The ghost moth stings you but does no damage.
The spark wasp barely misses you.
Louise hits you from afar with a halberd.
Unknown command.
You barely miss the ghost moth.
The ghost moth is severely wounded.
The ghost moth stares at you.
You feel your power leaking away.
The ghost moth hits you but does no damage.
The ghost moth misses you. The ghost moth stings you!
The spark wasp stings you but does no damage.
Your ogre goes berserk!
You feel somewhat more hungry. The emperor scorpion stings you.
You are poisoned.
The emperor scorpion poisons you!
The emperor scorpion claws you but does no damage. x2
The spark wasp misses you. Louise hits you but does no damage.
The ghost moth stares at you.
The ghost moth hits you but does no damage. x2
The ghost moth stings you but does no damage.
Unknown command.
Unknown command.
You slice the ghost moth!!
There is a sudden explosion of sparks!
You kill the ghost moth!
Trog accepts your kill.
You feel your intelligence returning.
You feel sick. The spark wasp closely misses you.
You riposte.
Your plate armour prevents you from hitting the spark wasp.
The emperor scorpion stings you!
The emperor scorpion completely misses you.
The emperor scorpion misses you.
Your ogre completely misses the spark wasp.
Louise hits you but does no damage.
You feel sick.
Your ogre rages.
The spark wasp stings you! The spark wasp shocks you!
Unknown command.
You feel much better.
You feel sick.
Your ogre completely misses the spark wasp.
The spark wasp stings you. The spark wasp shocks you!
The emperor scorpion stings you but does no damage.
The emperor scorpion claws you but does no damage.
The emperor scorpion claws you!
* * * LOW HITPOINT WARNING * * *
You feel much better.
You feel sick. The spark wasp stings you. The spark wasp shocks you!
Louise gestures at you while chanting.
The bolt of lightning hits the spark wasp.
The spark wasp completely resists.
The bolt of lightning hits you!
* * * LOW HITPOINT WARNING * * *
Your ogre hits the spark wasp with a giant spiked club.
The emperor scorpion stings you!!
* * * LOW HITPOINT WARNING * * *
The emperor scorpion barely misses you. The emperor scorpion claws you.
You die...

....####...........
#####....≈.... .......#
.#.......≈#≈###≈......#..
.#.......).#...#≈#....#..#
...........#.............#.
...........................
...........................
####...###.............[...
<..#≈###........@y@........
#........^.....#s.O........
≈..†......^....≈...........
≈.......####...#...........
≈#.<†...≈.....##...$^....§.
..≈####≈#...###.........###
#≈#.........#......^.......
##........###..........#....#####
##......##............#.........


You could see an emperor scorpion, Louise, a spark wasp and a friendly ogre
(berserk).

Vanquished Creatures
  A tentacled starspawn (Abyss:3)
  Kirke (Lair:6)
  A ghost moth (Spider:3)
  5 entropy weavers
  A minotaur (Lab)
  A fire dragon (Volcano)
  Fannar (Orc:1)
  8 hydras
  A catoblepas (Lair:4)
  5 death yaks (Lair:3)
  A merfolk avatar (Lair:6)
  7 orc high priests (Orc:2)
  A wretched star (Abyss:3)
  A wizard (Abyss:3)
  3 hill giants
  An orc knight (Orc:1)
  2 harpies (Lair:6)
  7 orb spiders
  19 wolf spiders
  A hornet (Spider:3)
  An orc sorcerer (Orc:2)
  An ugly thing (D:9)
  2 griffons
  A manticore (D:11)
  A salamander (Volcano)
  21 elephants
  3 black mambas
  2 torpor snails
  An apocalypse crab (Abyss:3)
  An orange demon (Abyss:3)
  A black mamba (shapeshifter) (Abyss:2)
  A guardian serpent (Abyss:3)
  A gargoyle (D:11)
  12 spiny frogs
  An efreet (D:9)
  5 komodo dragons
  A freezing wraith (D:9)
  6 demonic crawlers
  5 rime drakes (Lair:6)
  A red devil (Abyss:3)
  16 jumping spiders
  An ancient zyme (Abyss:3)
  2 boulder beetles
  A troll (Orc:2)
  A merfolk (Lair:4)
  3 polar bears (Lair:6)
  18 blink frogs
  5 two-headed ogres
  20 tarantellas
  61 redbacks
  34 yaks
  5 wyverns
  2 wraiths (D:11)
  4 basilisks
  9 fire bats
  2 hogs (Lair:6)
  2 neqoxecs (Abyss:3)
  A fire elemental (Spider:2)
  6 hippogriffs
  A hungry ghost (D:9)
  6 steam dragons
  2 chaos spawn (Abyss:3)
  2 mottled dragons (Volcano)
  2 insubstantial wisps
  Edmund (D:5)
  A soldier ant (D:10)
  9 wargs
  6 porcupines
  5 water moccasins
  15 orc warriors
  7 sky beasts
  2 black bears
  3 necrophages
  2 ice beasts
  A phantom (D:7)
  5 wasps
  6 wolves (Lair:3)
  6 centaurs
  18 ogres
  12 crocodiles
  9 giant frogs
  6 scorpions
  A wight (D:9)
  An electric eel (Lair:1)
  7 crimson imps
  3 howler monkeys
  A centaur zombie (D:7)
  A giant frog zombie (D:7)
  13 jellies
  A quasit (D:9)
  2 hounds
  A giant frog skeleton (D:7)
  Crazy Yiuf (D:3)
  A centaur skeleton (D:6)
  37 orc priests
  19 orc wizards
  4 iguanas
  Natasha (twice) (D:3)
  10 worker ants
  12 sheep
  A hound skeleton (D:11)
  A worker ant zombie (D:9)
  2 howler monkey skeletons
  11 adders
  35 river rats
  4 shadow imps
  5 oozes
  An adder skeleton (D:4)
  2 worms
  10 dart slugs
  5 giant geckos
  83 orcs
  4 ball pythons
  4 giant cockroaches
  10 goblins
  2 hobgoblins (D:1)
  2 jackals (D:4)
  10 kobolds
  5 quokkas
  4 bats
  6 giant newts
  A jackal zombie (D:9)
  11 rats
  A fungus (Lair:1)
793 creatures vanquished.

Vanquished Creatures (collateral kills)
  Arachne (Spider:2)
  Aizul (Spider:2)
  Erolcha (D:9)
  A lindwurm (Lair:6)
  2 jumping spiders (Spider:2)
  A wind drake (Lair:6)
  A boulder beetle (Spider:2)
  2 redbacks (Spider:2)
  A tarantella (Spider:2)
  A crimson imp (D:9)
12 creatures vanquished.

Vanquished Creatures (others)
  A redback (Spider:1)
  A human (Lair:6)
  4 fungi
  23 plants
  4 starspawn tentacles (Abyss:3)
33 creatures vanquished.

Grand Total: 838 creatures vanquished

Action                   |  1- 3 |  4- 6 |  7- 9 | 10-12 | 13-15 | 16-18 || total
-------------------------+-------+-------+-------+-------+-------+-------++-------
Melee: Falchion          |   109 |   114 |       |       |       |       ||   223
       Long sword        |       |    21 |   111 |   610 |   644 |   556 ||  1942
       Short sword       |       |       |   280 |   196 |       |       ||   476
       Scimitar          |       |       |       |    52 |   693 |       ||   745
       Double sword      |       |       |       |       |   118 |     7 ||   125
Invok: Berserk           |     1 |     3 |     8 |    19 |    10 |     9 ||    50
       Trog's Hand       |       |       |     1 |     1 |     2 |     4 ||     8
       Brothers in Arms  |       |       |       |     1 |     1 |     4 ||     6
Evoke: Wand              |       |       |       |     3 |    22 |     7 ||    32
       Lamp of fire      |       |       |       |       |     1 |       ||     1
  Use: Potion            |       |       |     1 |       |     3 |     6 ||    10
       Scroll            |       |       |    15 |     5 |    17 |     8 ||    45
 Stab: Sleeping          |     1 |       |       |       |       |       ||     1
       Distracted        |       |       |       |     3 |       |       ||     3
       Paralysed         |       |       |       |       |       |     6 ||     6
  Eat: Chunk             |     3 |     6 |    13 |    15 |    14 |       ||    51
       Beef jerky        |       |       |     2 |     4 |     6 |       ||    12
       Royal jelly       |       |       |     1 |       |    10 |     1 ||    12
       Pizza             |       |       |     1 |       |       |       ||     1
       Bread ration      |       |       |     1 |     4 |       |     3 ||     8
       Fruit             |       |       |       |     2 |       |    12 ||    14
       Meat ration       |       |       |       |     1 |       |     1 ||     2
Armor: Plate armour      |     4 |    72 |    37 |       |   585 |   480 ||  1178
       Animal skin       |     2 |       |       |       |       |       ||     2
       Chain mail        |       |       |    97 |   275 |    30 |       ||   402
Dodge: Dodged            |    52 |    45 |   137 |   431 |   686 |   431 ||  1782

Action                   |  1- 3 |  4- 6 |  7- 9 | 10-12 | 13-15 | 16-18 || total
-------------------------+-------+-------+-------+-------+-------+-------++-------
Melee: Falchion          |   109 |   114 |       |       |       |       ||   223
       Long sword        |       |    21 |   111 |   610 |   644 |   556 ||  1942
       Short sword       |       |       |   280 |   196 |       |       ||   476
       Scimitar          |       |       |       |    52 |   693 |       ||   745
       Double sword      |       |       |       |       |   118 |     7 ||   125
Invok: Berserk           |     1 |     3 |     8 |    19 |    10 |     9 ||    50
       Trog's Hand       |       |       |     1 |     1 |     2 |     4 ||     8
       Brothers in Arms  |       |       |       |     1 |     1 |     4 ||     6
Evoke: Wand              |       |       |       |     3 |    22 |     7 ||    32
       Lamp of fire      |       |       |       |       |     1 |       ||     1
  Use: Potion            |       |       |     1 |       |     3 |     6 ||    10
       Scroll            |       |       |    15 |     5 |    17 |     8 ||    45
 Stab: Sleeping          |     1 |       |       |       |       |       ||     1
       Distracted        |       |       |       |     3 |       |       ||     3
       Paralysed         |       |       |       |       |       |     6 ||     6
  Eat: Chunk             |     3 |     6 |    13 |    15 |    14 |       ||    51
       Beef jerky        |       |       |     2 |     4 |     6 |       ||    12
       Royal jelly       |       |       |     1 |       |    10 |     1 ||    12
       Pizza             |       |       |     1 |       |       |       ||     1
       Bread ration      |       |       |     1 |     4 |       |     3 ||     8
       Fruit             |       |       |       |     2 |       |    12 ||    14
       Meat ration       |       |       |       |     1 |       |     1 ||     2
Armor: Plate armour      |     4 |    72 |    37 |       |   585 |   480 ||  1178
       Animal skin       |     2 |       |       |       |       |       ||     2
       Chain mail        |       |       |    97 |   275 |    30 |       ||   402
Dodge: Dodged            |    52 |    45 |   137 |   431 |   686 |   431 ||  1782
